 Seeded DCSS version 0.29-a0-364-g921d912d32 (webtiles) character file.

Game seed: 20220430 (custom seed)

50 lucidbluej the Slasher (level 3, -3/33 HPs)
             Began as a Minotaur Berserker on Apr 30, 2022.
             Was a Believer of Jiyva.
             Slain by a black bear (5 damage)
             ... created by the rage of Trog
             ... on level 2 of the Dungeon.
             The game lasted 00:13:00 (1674 turns).

lucidbluej the Slasher (Minotaur Berserker)         Turns: 1674, Time: 00:13:00

Health: -3/33      AC:  3    Str: 23    XL:     3   Next: 55%
Magic:  2/2        EV: 12    Int:  4    God:    Jiyva [**....]
Gold:   92         SH:  0    Dex:  9    Spells: 2/2 levels left

rFire   . . .      SeeInvis .   a - +0 falchion
rCold   . . .      Faith    .   (no shield)
rNeg    . . .      Spirit   .   b - +0 animal skin
rPois   .          Reflect  .   (helmet restricted)
rElec   .          Harm     .   (no cloak)
rCorr   +          Rampage  .   (no gloves)
Will    .....                   n - +0 pair of boots
Stlth   +.........              (no amulet)
HPRegen 1.07/turn               (no ring)
MPRegen 0.38/turn               (no ring)

@: no status effects
A: horns 2, retaliatory headbutt
a: Renounce Religion


You were on level 2 of the Dungeon.
You worshipped Jiyva.
Jiyva was pleased with you.
You visited 1 branch of the dungeon, and saw 2 of its levels.

You collected 92 gold pieces.

Inventory:

Hand Weapons
 a - a +0 falchion (weapon)
Missiles
 q - 7 stones (quivered)
Armour
 b - a +0 animal skin (worn)
 f - a +0 ring mail
 i - a +0 leather armour
 n - a +0 pair of boots (worn)
 o - a +0 robe
Scrolls
 l - a scroll of blinking
 p - a scroll of immolation
Potions
 h - a potion of haste
 j - a potion of resistance {unknown}


   Skills:
 + Level 4.2 Fighting
 + Level 4.5 Long Blades
 + Level 2.6 Armour
 + Level 2.8 Dodging
 + Level 0.2 Stealth


You had 2 spell levels left.
You didn't know any spells.
Your spell library contained the following spells:

 Spells                   Type           Power      Damage    Failure   Level
 Gell's Gravitas          Tloc           0%         N/A       86%         3
 Teleport Other           Tloc           0%         N/A       86%         3
 Dispersal                Tloc           0%         N/A       100%        6


Dungeon Overview and Level Annotations

Branches:
Dungeon (2/15)

Altars:
Jiyva


Innate Abilities, Weirdness & Mutations

You have a pair of horns on your head.
You reflexively headbutt those who attack you in melee.


Message History

You drop a +0 dagger.
You drop a +0 club.
You drop a +0 hand axe.
You drop a +0 dagger.
You start putting on your armour.
You continue putting on your +0 pair of boots.
You hear a slurping noise.
You continue putting on your +0 pair of boots. x2
You hear a slurping noise.
The jelly splits in two!
You continue putting on your +0 pair of boots.
You hear a slurping noise.
You finish putting on your +0 pair of boots.
Trog sends monsters to punish you. 4 black bears come into view.
The black bear rages.
The black bear bites the jelly!
The acid corrodes the black bear!
The black bear is burned by acid!
The black bear barely misses the jelly.
The black bear claws the jelly.
The black bear is burned by acid!
The black bear bites the jelly.
The black bear is burned by acid!
The black bear claws the jelly!
The jelly dies!
You hit the black bear. You headbutt the black bear.
The black bear is lightly wounded.
The black bear barely misses you. You furiously retaliate!
You headbutt the black bear! The black bear barely misses you.
The black bear misses you. The black bear bites you!
The black bear barely misses you. The black bear claws you.
You hit the black bear but do no damage.
Your headbutt misses the black bear.
The black bear is heavily wounded.
The black bear bites you but does no damage.
The black bear misses you. The black bear claws you. The black bear bites you!
* * * LOW HITPOINT WARNING * * *
The black bear claws you.
* * * LOW HITPOINT WARNING * * *
The black bear claws you.
* * * LOW HITPOINT WARNING * * *
The black bear barely misses you. x2; The black bear claws you.
You die...

##.....###...........
##.......##.#.........
#.....................
#.........###.........
#.........# ##########
#.......J.#
#.......J.#
#...hhh...#
#....@h...#
#.........#
#.........#
#.........#
##.......## ##.....##
#######


You could see 4 black bears and 2 neutral jellies (fellow slime).

Vanquished Creatures
  An adder (D:2)
  A gnoll (D:1)
  A worm (D:2)
  An orc (D:2)
  A ball python (D:1)
  A giant cockroach (D:1)
  4 hobgoblins
  2 jackals (D:2)
  4 bats (D:1)
  3 frilled lizards (D:1)
  3 goblins
  3 kobolds
  2 rats (D:2)
27 creatures vanquished.

Vanquished Creatures (others)
  A jelly (D:2)
  An adder (D:2)
  A dart slug (D:2)
  An endoplasm (D:2)
  A goblin (D:2)
  A hobgoblin (D:2)
  2 kobolds (D:2)
  2 ball pythons (D:2)
  A rat (D:2)
11 creatures vanquished.

Grand Total: 38 creatures vanquished

Notes
Turn   | Place    | Note
-------+----------+-------------------------------------------
     0 | D:1      | lucidbluej the Minotaur Berserker began the quest for the
                  | Orb.
     0 | D:1      | Reached XP level 1. HP: 19/19 MP: 0/0
   407 | D:1      | Reached XP level 2. HP: 15/27 MP: 1/1
   476 | D:1      | Found a faded altar of an unknown god.
   477 | D:1      | Noticed an eye of devastation
   484 | D:1      | Noticed a floating eye
   532 | D:1      | Noticed an eye of devastation
   718 | D:1      | Noticed a floating eye
   723 | D:1      | Prayed at the altar of an unknown god.
   723 | D:1      | Fell from the grace of Trog
   723 | D:1      | Became a worshipper of Jiyva Jovviur the Shapeless
   723 | D:1      | Reached * piety under Jiyva
  1366 | D:2      | Reached XP level 3. HP: 33/33 MP: 2/2
  1560 | D:2      | Reached ** piety under Jiyva
  1670 | D:2      | Noticed a black bear
  1670 | D:2      | Noticed a black bear
  1670 | D:2      | Noticed a black bear
  1670 | D:2      | Noticed a black bear
  1674 | D:2      | Slain by a black bear

Illustrated notes

Levels and vault maps discovered:
D:1:      sevenhm_arrival_forest_fort_large_4, layout_loops_cross,
          hellmonk_ecumenical_altar_watching_god
D:2:      layout_rooms, minmay_fractal_squares_5

Skill      XL: |  1  2 |
---------------+-------+-----
Long Blades    | 4 |  4.5
Fighting       | 4 |  4.2
Armour         | |  2.6
Dodging        | |  2.8
Stealth        | |  0.2

Action                   || total
-------------------------++-------
Melee: Falchion          ||    70
       Headbutt          ||    11
       Punch             ||     1
  Use: Scroll            ||     5
       Potion            ||     2
 Stab: Sleeping          ||     1
Armor: Animal skin       ||    14
Dodge: Dodged            ||    60

Table legend: (Time is in decaauts)
 A = Elapsed time spent in this place.
 B = Non-inter-level travel time spent in this place.
 C = Inter-level travel time spent in this place.
 D = Time resting spent in this place.
 E = Time spent auto-exploring this place.
 F = Levels seen in this place.
 G = Mean time per level.
                   A        B        C        D        E       F      G
               +--------+--------+--------+--------+--------+-----+--------+
         Total |   1680 |   1318 |    362 |      0 |    373 |   2 |  840.0 |
       Dungeon |   1680 |   1318 |    362 |      0 |    373 |   2 |  840.0 |
               +--------+--------+--------+--------+--------+-----+--------+

Top non-repeatable levels by time:
     D:1: 1365 daAuts
     D:2: 314 daAuts
